 Dungeon Crawl Stone Soup version 0.32-a0-996-gb3226c233f (webtiles) character file.

Game seed: 11158148431859725763

69757 Gargoyl the Severer (level 15, -2/148 HPs)
             Began as a Gargoyle Berserker on Apr 23, 2024.
             Was an Elder of Trog.
             Shot with a bolt by a tengu warrior (7 damage)
             ... on level 13 of the Dungeon.
             The game lasted 00:28:52 (16402 turns).

Gargoyl the Severer (Gargoyle Berserker)           Turns: 16402, Time: 00:28:53

Health: -2/148     AC: 23    Str: 22 (23) XL:     15   Next: 31%
Magic:  15/15      EV: 21    Int:  7      God:    Trog [****..]
Gold:   1767       SH:  0    Dex: 14 (15) Spells: 14/14 levels left

rFire   . . .        s - +0 battleaxe (venom)
rCold   + . .        (shield currently unavailable)
rNeg    + . .        y - +0 steam dragon scales
rPois   ∞            q - +1 helmet
rElec   +            E - +2 cloak
rCorr   .            e - +1 pair of gloves
SInv    +            v - +0 pair of boots
Will    +....        z - amulet of regeneration Stlth
                     j - ring of protection from cold
HPRegen 1.24/turn    a - +5 ring of evasion
MPRegen 0.14/turn

%: no passive effects
@: berserking (expiring), corroded, flying, very quick
A: sickness immunity, AC +11, big wings, negative energy resistance 1,
electricity resistance, torment resistance 1, petrification resistance, talons
1, see invisible, deterioration 1
a: Renounce Religion, Berserk, Trog's Hand, Brothers in Arms


You were on level 13 of the Dungeon.
You worshipped Trog.
Trog was greatly pleased with you.
You visited 2 branches of the dungeon, and saw 18 of its levels.
You also visited: Ice Cave.

You collected 2083 gold pieces.
You spent 316 gold pieces at shops.

Inventory:

Hand Weapons
 n - a +2 war axe
 s - a +0 battleaxe of venom (weapon)
 w - a +0 heavy broad axe
 C - a +4 scimitar of flaming
Missiles
 B - 4 curare-tipped darts (quivered)
Armour
 e - a +1 pair of gloves (worn)
 q - a +1 helmet (worn)
 v - a +0 pair of boots (worn)
 y - +0 steam dragon scales (worn)
 E - a +2 cloak (worn)
Jewellery
 a - a +5 ring of evasion (right hand)
 b - a ring of flight
 j - a ring of protection from cold (left hand)
 z - an amulet of regeneration (around neck)
 D - a ring of protection from fire
 I - a ring of protection from cold
 K - an amulet of guardian spirit
Wands
 d - a wand of polymorph (3)
 o - a wand of flame (22)
 p - a wand of paralysis (4)
Scrolls
 g - 2 scrolls of vulnerability
 h - 2 scrolls of teleportation
 i - a scroll of fear
 m - 12 scrolls of identify
 t - 4 scrolls of blinking
 A - 2 scrolls of fog
 F - a scroll of revelation
 H - 2 scrolls of poison
Potions
 c - 9 potions of curing
 f - 5 potions of might
 k - 3 potions of enlightenment
 l - 4 potions of invisibility
 r - a potion of magic
 u - a potion of ambrosia
 x - a potion of berserk rage
 L - 3 potions of lignification
Miscellaneous
 G - a lightning rod (4/4)
 J - a box of beasts


   Skills:
 + Level 13.3 Fighting
 + Level 4.2 Long Blades
 + Level 16.9 Axes
 + Level 6.9 Armour
 + Level 11.0 Dodging
 + Level 6.3 Stealth


You had 14 spell levels left.
You didn't know any spells.
Your spell library was empty.

Dungeon Overview and Level Annotations

Branches:
Dungeon (13/15)            Temple (0/1) D:6            Lair (5/5) D:10
 Shoals (0/4) Lair:3        Snake (0/4) Lair:3        Slime (0/5) Lair:5
    Orc (0/2) D:9           IceCv (visited)
 Vaults: D:13-14

Altars:
Dithmenos
Fedhas
Kikubaaqudgha
Ru
Trog
Wu Jian

Shops:
D:1 *   D:3 !=**   D:5 (   D:9 **

Annotations:
D:8 3 runed translucent doors


Innate Abilities, Weirdness & Mutations

You are immune to sickness and miasma.
Your stone body is resilient. (AC +11)
You are immune to poison.
Your large and strong wings let you fly.
You resist negative energy. (rN+)
You are resistant to electric shocks. (rElec)
You are resistant to unholy torment.
You are immune to petrification.
You have sharp toenails.
You have supernaturally acute eyesight. (SInv)
Your body sometimes deteriorates upon taking damage.


Message History

You slice the brown ugly thing!!
The brown ugly thing looks as sick as possible!
The brown ugly thing is severely wounded.
You miss the tengu warrior.
The brown ugly thing tentacle-slaps you!
* * * LOW HITPOINT WARNING * * *
The acid corrodes you!
You are splashed with acid!
* * * LOW HITPOINT WARNING * * *
You hit the brown ugly thing.
The brown ugly thing looks as sick as possible!
The brown ugly thing is severely wounded.
You slash the tengu warrior!
The tengu warrior hits you with a +1 glaive.
* * * LOW HITPOINT WARNING * * *
The tengu warrior barely misses you.
The tengu warrior completely misses you.
The tengu warrior shoots a bolt.
The bolt completely misses you.
The brown ugly thing tentacle-slaps you but does no damage.
You slice the brown ugly thing like a ripe choko!!!
You kill the brown ugly thing!
Trog accepts your kill.
You closely miss the tengu warrior. The tengu warrior slips past you!
The tengu warrior hits you but does no damage.
The tengu warrior closely misses you.
The tengu warrior claws you but does no damage.
You slash the tengu warrior!
The tengu warrior looks as sick as possible!
The tengu warrior is heavily wounded.
The tengu warrior shoots a bolt.
The bolt misses you.
Unknown command.
You hit the tengu warrior.
The tengu warrior is severely wounded.
The tengu warrior misses you.
The tengu warrior pecks you but does no damage.
The tengu warrior misses you.
Unknown command.
You closely miss the tengu warrior.
The tengu warrior is severely wounded.
The tengu warrior shoots a bolt.
The bolt hits you!
You die...

#.....# #.......#
#.....# #####.###
##'#### #.# #.# ##.#
#.# #..# #.## #.## #..#
#.# ###.#####
#####'###### ........#
#....@Q....# ........#
#..........# ........##
#....Q.....#
..........##..........#
........#..#..........#
........# .'..........#
##.#########..........#
#.....# #####'######
#####)#


You could see 2 tengu warriors.

Vanquished Creatures
  Rupert (D:12)
  Kirke (Lair:3)
  A reaper (IceCv)
  4 hydras
  Fannar (Lair:3)
  Erica (Lair:1)
  2 catoblepae
  A boulder beetle (D:13)
  2 two-headed ogres (D:10)
  A tengu warrior (D:13)
  Amaemon (Lair:1)
  2 skysharks
  2 skeletal warriors (D:13)
  Pikel (D:6)
  3 ugly things
  2 cyclopes (D:11)
  A meliai (D:8)
  8 black mambas
  12 elephants
  An orange demon (Lair:1)
  A gargoyle (D:12)
  2 ice statues (IceCv)
  Maggie (D:10)
  18 cane toads
  An unseen horror (D:12)
  4 ice devils (IceCv)
  8 rime drakes
  A freezing wraith (IceCv)
  5 komodo dragons
  3 anaconda simulacra (IceCv)
  7 polar bears
  Grinder (D:5)
  3 trolls
  4 merfolk (Lair:3)
  7 blink frogs
  6 hornets
  5 dream sheep
  Sigmund (D:4)
  6 slime creatures (D:12)
  A vampire (D:9)
  2 ynoxinuls (D:10)
  4 wraiths
  11 spriggans (Lair:5)
  6 wyverns
  A shadow (D:11)
  Eustachio (D:6)
  2 basilisks
  47 yaks
  5 hogs (Lair:3)
  2 steam dragons
  5 vampire mosquitoes
  Menkaure (D:4)
  5 harpy simulacra (IceCv)
  An acid dragon (D:12)
  2 hydra simulacra (IceCv)
  23 water moccasins
  4 ice beasts
  2 orc warriors (D:9)
  6 black bears
  4 boggarts (Lair:5)
  37 wolves
  2 ogres
  8 centaurs
  A phantom (D:5)
  2 kobold brigands
  7 bullfrogs
  A two-headed ogre simulacrum (IceCv)
  2 scorpions (D:6)
  5 wights (D:9)
  10 killer bees
  3 howler monkeys (D:7)
  5 bombardier beetles
  A hound (D:6)
  2 jellies
  3 orc priests
  A gnoll bouda (D:8)
  3 iguanas
  10 orc wizards
  Natasha (twice) (D:2)
  12 hell rats
  4 gnolls (D:5)
  A naga simulacrum (IceCv)
  9 adders
  A shadow imp (D:8)
  12 white imps (Lair:1)
  11 ufetubi
  3 dart slugs
  A ribbon worm (D:2)
  27 orcs
  5 endoplasms
  3 giant cockroaches
  6 goblins
  5 hobgoblins
  4 jackals (D:5)
  3 quokkas
  5 ball pythons
  11 bats
  5 frilled lizards
  10 kobolds
  7 rats
517 creatures vanquished.

Vanquished Creatures (collateral kills)
  A two-headed ogre (D:9)
  2 skeletal warriors (D:13)
  4 elephants (Lair:5)
  A black mamba (Lair:5)
  A human (D:9)
  A water moccasin (Lair:5)
  An orc priest (D:9)
  An orc wizard (D:9)
  A goblin (D:1)
  A frilled lizard (D:1)
14 creatures vanquished.

Vanquished Creatures (others)
  A yak (Lair:2)
1 creature vanquished.

Grand Total: 532 creatures vanquished

Notes
Turn   | Place    | Note
-------+----------+-------------------------------------------
     0 | D:1      | Gargoyl the Gargoyle Berserker began the quest for the Orb.
     0 | D:1      | Reached XP level 1. HP: 14/14 MP: 1/1
   173 | D:1      | Reached XP level 2. HP: 19/19 MP: 2/2
   196 | D:1      | Found a faded altar of an unknown god.
   217 | D:1      | Reached skill level 3 in Axes
   485 | D:1      | Found Muolivowu's Assorted Antiques.
   495 | D:1      | Bought a scroll labelled UPNOZUSK JYUPY for 26 gold pieces
   663 | D:1      | Reached XP level 3. HP: 2/24 MP: 3/3
  1218 | D:2      | Noticed Natasha
  1227 | D:2      | Killed Natasha
  1228 | D:2      | Reached XP level 4. HP: 29/29 MP: 4/4
  1299 | D:2      | Noticed Natasha
  1345 | D:2      | Killed Natasha
  2223 | D:3      | Reached XP level 5. HP: 33/33 MP: 5/5
  2333 | D:3      | Reached ** piety under Trog
  2340 | D:3      | Found Ruoph's Assorted Antiques.
  2354 | D:3      | Gained mutation: You have sharp toenails. [potion of
                  | mutation]
  2354 | D:3      | Gained mutation: Your body sometimes deteriorates upon
                  | taking damage. [potion of mutation]
  2354 | D:3      | Gained mutation: You have supernaturally acute eyesight.
                  | (SInv) [potion of mutation]
  2356 | D:3      | Bought a scroll labelled XIHARU YGEA for 29 gold pieces
  2380 | D:3      | Found Ekicvost's General Store.
  2388 | D:3      | Bought a scroll of fear for 40 gold pieces
  2388 | D:3      | Bought a +0 war axe for 35 gold pieces
  2394 | D:3      | Found an ancient bone altar of Kikubaaqudgha.
  2619 | D:3      | Found Daludig's Distillery.
  2640 | D:3      | Bought a potion of heal wounds for 60 gold pieces
  2990 | D:3      | Found Cipokhor's Jewellery Shoppe.
  3040 | D:4      | Reached skill level 4 in Axes
  3162 | D:4      | Found a sacrificial altar of Ru.
  3439 | D:4      | Noticed Sigmund
  3445 | D:4      | Killed Sigmund
  3446 | D:4      | Reached skill level 5 in Axes
  3446 | D:4      | Reached skill level 1 in Stealth
  3446 | D:4      | Reached XP level 6. HP: 39/39 MP: 6/6
  3536 | D:4      | Noticed Menkaure
  3541 | D:4      | Killed Menkaure
  3542 | D:4      | Reached XP level 7. HP: 44/44 MP: 7/7
  3822 | D:5      | Entered Level 5 of the Dungeon
  3825 | D:5      | Noticed a wyvern
  3831 | D:5      | Killed a wyvern
  3851 | D:5      | Found Joutiut's Antique Weapon Shoppe.
  3879 | D:5      | Identified the +2 leather armour of Weasch {rElec Will+
                  | Str+7 Dex-3}
  3943 | D:5      | Reached skill level 6 in Axes
  3943 | D:5      | Reached skill level 5 in Armour
  4128 | D:5      | Reached skill level 5 in Fighting
  4128 | D:5      | Reached XP level 8. HP: 41/49 MP: 8/8
  4413 | D:5      | Noticed Grinder
  4424 | D:5      | Killed Grinder
  4425 | D:5      | Reached skill level 7 in Axes
  4674 | D:6      | Found a staircase to the Ecumenical Temple.
  4872 | D:6      | Noticed Pikel
  5039 | D:6      | Found a bloodstained altar of Trog.
  5319 | D:6      | Reached XP level 9. HP: 55/55 MP: 9/9
  5353 | D:6      | Killed Pikel
  5354 | D:6      | Reached skill level 8 in Axes
  5464 | D:6      | Found an ornate altar of the Wu Jian Council.
  5464 | D:6      | Noticed Eustachio
  5482 | D:6      | Killed Eustachio
  6526 | D:7      | Reached skill level 9 in Axes
  6636 | D:8      | Found a runed translucent gate.
  6636 | D:8      | Found a runed translucent gate.
  6636 | D:8      | Found a runed translucent gate.
  6808 | D:8      | Reached XP level 10. HP: 55/61 MP: 10/10
  6854 | D:8      | Noticed a meliai
  6864 | D:8      | Killed a meliai
  6880 | D:8      | Reached skill level 10 in Axes
  7045 | D:8      | You fall into a shaft and drop 1 floor!
  7055 | D:9      | Noticed a red ugly thing
  7063 | D:9      | Killed a red ugly thing
  7071 | D:9      | Found a staircase to the Orcish Mines.
  7203 | D:9      | Found Lidghoisk's Fire Supplies.
  7339 | D:9      | Noticed a two-headed ogre
  7354 | D:9      | Reached skill level 5 in Dodging
  7366 | D:9      | Reached skill level 11 in Axes
  7379 | D:9      | Reached *** piety under Trog
  7415 | D:9      | Killed a two-headed ogre
  7416 | D:9      | Reached XP level 11. HP: 58/68 MP: 11/11
  7699 | D:9      | Found Qasa's Assorted Antiques.
  7713 | D:9      | Bought a helmet for 126 gold pieces
  7841 | D:9      | Found a blossoming altar of Fedhas.
  7993 | D:10     | Entered Level 10 of the Dungeon
  8053 | D:10     | Noticed a two-headed ogre
  8060 | D:10     | Killed a two-headed ogre
  8116 | D:10     | Noticed a two-headed ogre
  8122 | D:10     | Killed a two-headed ogre
  8128 | D:10     | Reached skill level 12 in Axes
  8291 | D:10     | Noticed Maggie
  8301 | D:10     | Killed Maggie
  8371 | D:10     | Found a staircase to the Lair.
  8520 | D:10     | Found a shadowy altar of Dithmenos.
  8947 | Lair:1   | Entered Level 1 of the Lair of Beasts
  8991 | Lair:1   | Noticed Erica
  9009 | Lair:1   | Killed Erica
  9027 | Lair:1   | Reached XP level 12. HP: 51/75 MP: 12/12
  9263 | Lair:1   | Reached skill level 13 in Axes
  9408 | Lair:1   | Found a frozen archway.
  9422 | IceCv    | Entered an ice cave
 10035 | IceCv    | Noticed a reaper
 10053 | IceCv    | Killed a reaper
 10247 | Lair:1   | Noticed Amaemon
 10257 | Lair:1   | Killed Amaemon
 10258 | Lair:1   | Reached skill level 5 in Stealth
 10363 | Lair:1   | Reached skill level 14 in Axes
 10810 | Lair:2   | Noticed a skyshark
 10826 | Lair:2   | Killed a skyshark
 10827 | Lair:2   | Reached skill level 10 in Fighting
 10827 | Lair:2   | Reached XP level 13. HP: 82/82 MP: 13/13
 10981 | Lair:2   | Reached **** piety under Trog
 11182 | Lair:2   | Reached skill level 1 in Long Blades
 11231 | Lair:2   | Reached skill level 15 in Axes
 11568 | Lair:3   | Noticed Fannar
 11589 | Lair:3   | Killed Fannar
 11679 | Lair:3   | Noticed Kirke
 11704 | Lair:3   | Noticed a sphinx
 11704 | Lair:3   | Paralysed by a sphinx for 3 turns
 11708 | Lair:3   | Killed Kirke
 11759 | Lair:3   | Found a staircase to the Shoals.
 12017 | Lair:3   | Found a staircase to the Snake Pit.
 12245 | Lair:3   | Gained mutation: Your large and strong wings let you fly.
                  | [Gargoyle growth]
 12245 | Lair:3   | Reached XP level 14. HP: 90/90 MP: 14/14
 12251 | Lair:3   | Reached ***** piety under Trog
 13080 | Lair:4   | Reached skill level 16 in Axes
 13123 | Lair:4   | Identified the staff of Accord {Str+4 Earth}
 13383 | Lair:5   | Entered Level 5 of the Lair of Beasts
 13415 | Lair:5   | Reached skill level 10 in Dodging
 13666 | Lair:5   | Found a staircase to the Slime Pits.
 13775 | Lair:5   | Identified a scroll of acquirement
 13775 | Lair:5   | Acquired 701 gold pieces
 13936 | Lair:5   | Identified the +1 dagger "Cear" {heavy, rElec rF+ rCorr}
                  | (Trog gifted it to you on level 5 of the Lair of Beasts)
 13936 | Lair:5   | Received a gift from Trog
 14012 | Lair:5   | HP: 3/92 [spriggan rider/+0 spear (13)]
 15409 | D:11     | Reached XP level 15. HP: 97/97 MP: 15/15
 15670 | D:12     | Noticed Rupert
 15682 | D:12     | Killed Rupert
 15730 | D:12     | Received a gift from Trog
 16398 | D:13     | HP: 2/148 [tengu warrior/+1 glaive (6)]
 16402 | D:13     | Shot with a bolt by a tengu warrior

Illustrated notes

Levels and vault maps discovered:
D:1:      shiori_arrival_whats_in_store_for_you, layout_basic, serial_shops,
          nicolae_shop_trees, shapermc_ecumenical_altar_starsandcircs,
          minmay_statues_item
D:2:      layout_loops_ring, uniq_natasha
D:3:      layout_basic, kiku_gazebo_garden_becter, serial_shops, shop,
          nicolae_shop_industrial_runoff, shop, shop, kennysheep_another_room,
          mrwooster_statue_mirror
D:4:      layout_basic, mainiacjoe_overflow_alcove_1, uniq_menkaure,
          uniq_sigmund
D:5:      layout_basic, serial_shops, shop, feat_on_display, uniq_grinder
D:6:      layout_gridville, pdpol_wu_jian_five_deadly_venoms, marbit_many_paths,
          minmay_temple_entry_arrows, chequers_jeans, fountainhead,
          minivault_26, kennysheep_generic_room_3, uniq_pikel, uniq_eustachio
D:7:      lemuel_ice_spiral_2, layout_basic, chequers_garden,
          kennysheep_generic_room_16
D:8:      nzn_winding_woodlands_medium [nzn_winding_woodlands_hourglass,
          nzn_winding_woodlands_5x15_default, nzn_winding_woodlands_5x5_default,
          nzn_winding_woodlands_5x5_closed_star,
          nzn_winding_woodlands_center_garden, nzn_winding_woodlands_5x5_cross,
          nzn_winding_woodlands_5x5_three,
          nzn_winding_woodlands_5x15_pathside_ponds,
          nzn_winding_woodlands_5x5_open_star], layout_rooms,
          gammafunk_ghost_icy
D:9:      layout_small_grid, fedhas_altar_4, erik_orc_4, serial_shops,
          nicolae_shop_window_shopping, nicolae_shop_fire_sale
          [nicolae_sub_dead_trees], minmay_misc_feat_tiny
D:10:     layout_basic, overflow_temple_1_default, hellmonk_lair_entry_icy,
          chequers_serial_rivers_marsh, nicolae_fort_ynox, uniq_maggie
D:11:     layout_basic
D:12:     layout_rooms, uniq_rupert
D:13:     layout_roguey, grunt_vaults_entry_tiered
Lair:1:   layout_loops_ring, portal_ice_cave_entry_imps,
          chequers_serial_rivers_micro_a, beast_lair_carwin_6,
          lemuel_fruit_fields, uniq_amaemon, uniq_erica
Lair:2:   layout_misc_corridors, grunt_megastairs_1
Lair:3:   layout_loops_ring, elwin_shoals_entry_stream,
          minmay_snake_entry_six_corridors, serial_bayou_shore_a, uniq_kirke,
          uniq_fannar
Lair:4:   layout_regular_city, infiniplex_staircase_pool_2, grunt_megastairs_5,
          lemuel_fruit_tree
Lair:5:   minmay_lair_end_enchanted_forest, layout_regular_city, slime_entry_1,
          st_stairs_13

Skill      XL: |  1  2  3  4  5  6  7  8  9 10 11 12 13 14 15 |
---------------+----------------------------------------------+-----
Axes           | 3 5 6 7 9 11 12 14 15 16 | 16.9
Fighting       | 4 5 6 7 8 10 11 12 13 | 13.3
Armour         | 3 4 5 6 |  6.9
Dodging        | 2 4 5 7 8 9 10 11 | 11.0
Stealth        | 1 2 3 4 5 6 |  6.3
Long Blades    | 2 4 |  4.2

Action                     |  1- 3 |  4- 6 |  7- 9 | 10-12 | 13-15 || total
---------------------------+-------+-------+-------+-------+-------++-------
  Melee: Hand axe          |    67 |    83 |       |       |       ||   150
         War axe           |       |    44 |   213 |   559 |    57 ||   873
         Kick              |       |    15 |    57 |   167 |       ||   239
         Broad axe         |       |       |       |       |   492 ||   492
         Scimitar          |       |       |       |       |   142 ||   142
         Battleaxe         |       |       |       |       |    96 ||    96
  Throw: Dart              |       |       |       |     2 |       ||     2
 Invoke: Berserk           |     2 |     4 |     9 |    19 |    17 ||    51
         Trog's Hand       |       |       |     4 |    16 |     6 ||    26
         Brothers in Arms  |       |       |       |       |     3 ||     3
    Use: Scroll            |     2 |    12 |     6 |    10 |     7 ||    37
         Potion            |       |     1 |       |     4 |     2 ||     7
   Stab: Sleeping          |       |       |       |     5 |     6 ||    11
         Petrified         |       |       |       |       |     3 ||     3
 Armour: Scale mail        |    57 |    89 |    91 |       |       ||   237
         Animal skin       |    12 |       |       |       |       ||    12
         Skin              |       |       |     2 |       |       ||     2
         Steam dragon scal |       |       |    83 |   474 |   871 ||  1428
  Dodge: Dodged            |    48 |    60 |   142 |   600 |  1454 ||  2304

Table legend: (Time is in decaauts)
 A = Elapsed time spent in this place.
 B = Non-inter-level travel time spent in this place.
 C = Inter-level travel time spent in this place.
 D = Time resting spent in this place.
 E = Time spent auto-exploring this place.
 F = Levels seen in this place.
 G = Mean time per level.
                   A        B        C        D        E       F      G
               +--------+--------+--------+--------+--------+-----+--------+
         Total |  16908 |  16382 |    526 |   1754 |   9817 |  19 |  889.9 |
       Dungeon |  10503 |  10189 |    314 |    855 |   6736 |  13 |  807.9 |
          Lair |   5637 |   5425 |    212 |    543 |   2958 |   5 | 1127.4 |
      Ice Cave |    767 |    767 |      0 |    356 |    123 |   1 |  767.0 |
               +--------+--------+--------+--------+--------+-----+--------+

Top non-repeatable levels by time:
  Lair:5: 1729 daAuts
     D:1: 1246 daAuts
  Lair:1: 1146 daAuts
  Lair:3: 1143 daAuts
     D:7: 1045 daAuts
     D:2: 991 daAuts
    D:10: 990 daAuts
     D:9: 977 daAuts
     D:6: 924 daAuts
     D:5: 905 daAuts
     D:3: 889 daAuts
  Lair:4: 821 daAuts
     D:4: 810 daAuts
  Lair:2: 796 daAuts
   IceCv: 767 daAuts
